 Dungeon Crawl Stone Soup version 0.20-a0-1116-gaa52201 (webtiles) character file.

4060 grindst0ne the Grappler (level 10, -5/156 HPs)
             Began as a Troll Monk on May 8, 2017.
             Was a Priest of Makhleb.
             Slain by a gnoll sergeant
             ... wielding a +3 trident of venom
              (11 damage)
             ... on level 7 of the Dungeon.
             The game lasted 00:27:47 (7351 turns).

grindst0ne the Grappler (Troll Monk)                Turns: 7351, Time: 00:27:47

Health: -5/156     AC:  5    Str: 26    XL:     10   Next: 4%
Magic:  13/13      EV: 12    Int:  6    God:    Makhleb [***...]
Gold:   467        SH:  0    Dex: 15    Spells: 9/9 levels left

rFire    . . .     SeeInvis .     - Unarmed
rCold    . . .     Gourm    +   (no shield)
rNeg     . . .     Faith    .   i - +0 animal skin
rPois    .         Spirit   .   (helmet restricted)
rElec    .         Reflect  .   (no cloak)
rCorr    .         Harm     .   (gloves unavailable)
MR       .....     Rnd*Rage +   (boots unavailable)
Stlth    ..........             (no amulet)
Regen    0.8/turn               (no ring)
MPRegen  0.2/turn               z - +1 ring of evasion

@: mighty, berserking, lethally poisoned (-5 -> -6), very quick
A: unfitting armour, claws 3, berserk 1, fast metabolism 3, gourmand,
regeneration 1, shaggy fur 1, tough skin 2, subdued magic 1
a: Minor Destruction, Lesser Servant of Makhleb, Renounce Religion


You were on level 7 of the Dungeon.
You worshipped Makhleb.
Makhleb was most pleased with you.
You were very full.

You visited 1 branch of the dungeon, and saw 8 of its levels.

You collected 467 gold pieces.

Inventory:

Hand Weapons
 x - the +6 hand axe "Zutwefal" {drain, +Fly MR+ Dex-4}
   (You found it on level 6 of the Dungeon)

   A truly terrible weapon, it drains the life of those it strikes.
   It affects your dexterity (-4).
   It affects your resistance to hostile enchantments.
   It lets you fly.
Missiles
 s - 2 throwing nets (quivered)
Armour
 i - a +0 animal skin (worn)
Jewellery
 z - a +1 ring of evasion (right claw)
Wands
 m - a wand of disintegration (24/24)
Scrolls
 c - 3 scrolls of enchant weapon
 d - a scroll of magic mapping
 e - 2 scrolls of fog
 f - 5 scrolls of remove curse
 n - 3 scrolls of identify
 w - a scroll of recharging
Potions
 j - a potion of haste
 l - 5 potions of curing
 p - a potion of agility {unknown}
 r - a potion of invisibility {unknown}
 t - a potion of lignification {unknown}
 u - a potion of ambrosia {unknown}
 v - a potion of mutation {unknown}
Books
 a - a book of Misfortune

   Spells                             Type                      Level
   a - Confusing Touch                Hexes                        1
   b - Confuse                        Hexes                        3
   c - Gell's Gravitas                Translocation                3
   d - Petrify                        Transmutation/Earth          4
   e - Metabolic Englaciation         Hexes/Ice                    5
   f - Yara's Violent Unravelling     Hexes/Transmutation          5
Comestibles
 b - 5 bread rations
 h - 3 royal jellies
 q - 3 meat rations


   Skills:
 + Level 8.2 Fighting
 - Level 2.4 Dodging
 - Level 1.0 Stealth
 + Level 9.6 Unarmed Combat
 * Level 5.7 Invocations


You had 9 spell levels left.
You didn't know any spells.

Dungeon Overview and Level Annotations

Branches:
Dungeon (8/15)             Temple (0/1) D:7
   Lair: D:8-11

Altars:
Makhleb
Nemelex Xobeh
Qazlal
Xom
Yredelemnul
The Shining One

Shops:
D:6 !


Innate Abilities, Weirdness & Mutations

You are too large for most types of armour.
You have claws for hands.
Your metabolism is lightning-fast.
You like to eat raw meat.
Your natural rate of healing is unusually fast.
You are covered in fur. (AC +1)
You have very tough skin. (AC +2)
You tend to lose your temper in combat.
Your spells are a little easier to cast, but a little less powerful.


Message History

It was a potion of might.
You feel very mighty all of a sudden. The gnoll barely misses you.
The gnoll sergeant barely misses you. The gnoll hits you but does no damage.
A red film seems to cover your vision as you go berserk!
You feel yourself moving faster!
You feel mighty!
You mangle the gnoll!!
You kill the gnoll!
Makhleb accepts your kill.
You feel better. The gnoll barely misses you.
The gnoll sergeant hits you with a trident of venom.
* * * LOW HITPOINT WARNING * * *
You are poisoned.
You are too berserk!
You scratch the gnoll sergeant.
The gnoll sergeant is heavily wounded.
You feel sick.
The gnoll hits you from afar with a spear!
* * * LOW HITPOINT WARNING * * *
The gnoll sergeant hits you with a trident of venom!
You die...

.....# #.#.# .######
#.#.# ......# #รท#.#
##.##.####.#.#
...#.......#.#
.###..#<.....# .#
#..########
.###).############
..............gg@#
.###..#.########)# ##
#..#.# #.# ## #..#.#
#.##### .###..#.#
#.....# ........#
#.###.# ......#.######
### #.#
#.####.......#######.#
.............###A###.#


You could see a gnoll sergeant and a gnoll.

Vanquished Creatures
  Joseph (D:8)
  The ghost of Yermak the Chopper, an amateur TeBe of Trog (D:4)
  A hungry ghost (D:3)
  A steam dragon (D:8)
  2 sky beasts
  4 ice beasts
  2 orc warriors
  5 ogres
  3 bullfrogs
  2 gnoll sergeants
  A wyvern skeleton (D:7)
  A scorpion (D:4)
  5 killer bees (D:7)
  7 crimson imps
  3 howler monkeys (D:7)
  A jelly (D:5)
  A quasit (D:6)
  6 orc priests
  A bullfrog zombie (D:8)
  3 hounds
  3 orc wizards
  2 iguanas
  Jessica (D:2)
  5 worker ants
  A hound skeleton (D:6)
  A worker ant zombie (D:5)
  Robin (D:4)
  20 gnolls
  9 adders
  2 shadow imps
  An ooze (D:3)
  An adder skeleton (D:8)
  7 worms
  4 leopard geckos
  25 orcs
  4 ball pythons
  9 bats
  5 giant cockroaches
  19 goblins
  6 hobgoblins
  16 jackals
  A quokka (D:2)
  7 frilled lizards
  A giant cockroach zombie (D:5)
  A jackal zombie (D:8)
  6 kobolds
  A leopard gecko skeleton (D:5)
  A quokka skeleton (D:4)
  9 rats
220 creatures vanquished.

Vanquished Creatures (others)
  A shadow imp (D:8)
1 creature vanquished.

Grand Total: 221 creatures vanquished

Notes
Turn   | Place    | Note
-------+----------+-------------------------------------------
     0 | D:1      | grindst0ne the Troll Monk began the quest for the Orb.
     0 | D:1      | Reached XP level 1. HP: 22/22 MP: 0/0
   107 | D:1      | Reached XP level 2. HP: 26/29 MP: 1/1
   555 | D:2      | Reached XP level 3. HP: 25/37 MP: 2/2
  1101 | D:2      | Noticed Jessica
  1104 | D:2      | Killed Jessica
  1104 | D:2      | Reached skill level 4 in Unarmed Combat
  1104 | D:2      | Reached XP level 4. HP: 45/45 MP: 3/3
  1999 | D:3      | Reached XP level 5. HP: 54/54 MP: 4/4
  2081 | D:3      | Noticed a hungry ghost
  2090 | D:3      | Killed a hungry ghost
  2090 | D:3      | Reached skill level 5 in Unarmed Combat
  2090 | D:3      | Reached XP level 6. HP: 57/63 MP: 5/5
  2438 | D:4      | Noticed Yermak's ghost (amateur TeBe)
  2608 | D:4      | Killed Yermak's ghost
  2668 | D:4      | Noticed Robin
  2817 | D:4      | Killed Robin
  2908 | D:4      | Reached skill level 5 in Fighting
  2908 | D:4      | Reached skill level 6 in Unarmed Combat
  2908 | D:4      | Reached XP level 7. HP: 66/72 MP: 6/6
  3783 | D:5      | Entered Level 5 of the Dungeon
  3836 | D:4      | Reached skill level 7 in Unarmed Combat
  3869 | D:5      | Reached XP level 8. HP: 79/83 MP: 7/7
  4199 | D:5      | Reached skill level 8 in Unarmed Combat
  4572 | D:5      | Gained mutation: Your spells are a little easier to cast, but a little less powerful. [mutagenic meat]
  4576 | D:5      | Gained mutation: You tend to lose your temper in combat. [mutagenic meat]
  4578 | D:5      | Gained mutation: You have sharp toenails. [mutagenic meat]
  4579 | D:5      | Lost mutation: You have sharp toenails. [mutagenic meat]
  4997 | D:6      | Got a smoking hand axe
  5002 | D:6      | Identified the +6 hand axe "Zutwefal" {drain, +Fly MR+ Dex-4} (You found it on level 6 of the Dungeon)
  5042 | D:6      | Found a sparkling altar of Nemelex Xobeh.
  5078 | D:6      | Found a shimmering altar of Xom.
  5187 | D:6      | Found a stormy altar of Qazlal.
  5193 | D:6      | Found a burning altar of Makhleb.
  5250 | D:6      | Became a worshipper of Makhleb the Destroyer
  5250 | D:6      | Reached * piety under Makhleb
  5250 | D:6      | Reached ** piety under Makhleb
  5287 | D:6      | Found Hoebu's Distillery.
  5328 | D:6      | Reached skill level 1 in Invocations
  5328 | D:6      | Reached XP level 9. HP: 84/93 MP: 8/8
  5654 | D:7      | Reached skill level 9 in Unarmed Combat
  6413 | D:7      | Found a staircase to the Ecumenical Temple.
  6630 | D:7      | Found a glowing golden altar of the Shining One.
  6632 | D:7      | Noticed an angel
  6646 | D:7      | Found a basalt altar of Yredelemnul.
  6692 | D:8      | Noticed Joseph
  6932 | D:8      | Killed Joseph
  6932 | D:8      | Reached skill level 5 in Invocations
  7134 | D:8      | Reached XP level 10. HP: 61/104 MP: 13/13
  7177 | D:8      | Reached *** piety under Makhleb
  7351 | D:7      | HP: 6/156 [gnoll/spear (11)]
  7351 | D:7      | Slain by a gnoll sergeant

Vault maps used:
D:1:      nicolae_arrival_memento_mori
D:2:      minmay_surrounded, uniq_jessica
D:4:      first_bread, lightli_minifort, uniq_robin
D:5:      kennysheep_generic_room_5
D:6:      grunt_temple_overflow_open, serial_shops, nicolae_shop_trees,
          basic_altar, xom_teletrap_fun
D:7:      grunt_temple_overflow_holy_war, minmay_temple_entry_statues_pillars
D:8:      old_standard_altar, grunt_dithmenos_smoke,
          hangedman_little_slice_of_home, uniq_joseph

Skill      XL: |  1  2  3  4  5  6  7  8  9 |
---------------+----------------------------+-----
Fighting       | 3 4 5 6 7 8 |  8.2
Unarmed Combat | 4 5 6 7 8 9 |  9.6
Invocations    | 1 5 |  5.7
Dodging        | |  2.4
Stealth        | |  1.0

Action                   |  1- 3 |  4- 6 |  7- 9 | 10-12 || total
-------------------------+-------+-------+-------+-------++-------
Melee: Unarmed           |   125 |   139 |   387 |    30 ||   681
       Punch             |       |     4 |    12 |     2 ||    18
       Hand axe          |       |       |     1 |       ||     1
Invok: Minor Destruction |       |       |     1 |       ||     1
  Use: Scroll            |       |     9 |     6 |       ||    15
       Potion            |       |     1 |     1 |     4 ||     6
 Stab: Sleeping          |     5 |     1 |       |       ||     6
  Eat: Chunk             |    16 |    24 |    44 |     1 ||    85
Armor: Robe              |    60 |    44 |       |       ||   104
       Animal skin       |       |     4 |   102 |    11 ||   117
Dodge: Dodged            |    58 |    89 |   246 |    33 ||   426
